 Dungeon Crawl Stone Soup version 0.31-b1-18-g61460d1e46 (webtiles) character file.

Game seed: 3527548814867818073

39 Esekla the Sneak (level 3, 23/26 HPs)
             Began as an Octopode Delver on Jan 16, 2024.
             Quit the game on level 5 of the Dungeon.
             The game lasted 00:03:46 (502 turns).

Esekla the Sneak (Octopode Delver)                   Turns: 502, Time: 00:03:46

Health: 23/26      AC:  1    Str: 11    XL:     3   Next: 47%
Magic:  4/4        EV: 13    Int: 14    God:
Gold:   32         SH:  0    Dex: 13    Spells: 3/3 levels left

rFire   . . .        a - +0 falchion
rCold   . . .        (no shield)
rNeg    . . .        (helmet restricted)
rPois   .            (no amulet)
rElec   .            (no ring)
rCorr   .            (no ring)
SInv    .            (no ring)
Will    .....        (no ring)
Stlth   ++++         (no ring)
HPRegen 0.24/turn    (no ring)
MPRegen 0.09/turn    (no ring)
                     (no ring)

%: no passive effects
@: no status effects
A: almost no armour, amphibious, 8 rings, camouflage 1, gelatinous body 1,
(nimble swimmer 1), tentacles
a: no special abilities


You were on level 5 of the Dungeon.
You visited 2 branches of the dungeon, and saw 2 of its levels.

You collected 32 gold pieces.

Inventory:

Hand Weapons
 a - a +0 falchion (weapon)
Wands
 f - a wand of digging (3)
Scrolls
 b - 2 scrolls of fog
 d - a scroll of fear
 g - a scroll of enchant weapon {unknown}
Potions
 c - a potion of curing {unknown}
 e - a potion of haste


   Skills:
 * Level 3.3 Fighting
 * Level 2.2 Long Blades
 * Level 2.2 Dodging
 + Level 7.2 Stealth
 * Level 0.7 Spellcasting


You had 3 spell levels left.
You didn't know any spells.
Your spell library was empty.

Dungeon Overview and Level Annotations

Branches:
Dungeon (5/15)             Temple (1/1) D:5

Altars:
Ashenzari
Elyvilon
Kikubaaqudgha
Makhleb
Okawaru
Qazlal
Sif Muna
Wu Jian
Yredelemnul
The Shining One


Innate Abilities, Weirdness & Mutations

You cannot wear most types of armour.
You are amphibious.
You can wear up to eight rings at the same time.
Your skin changes colour to match your surroundings (Stealth+).
Your rubbery body absorbs attacks. (AC +1, EV +1)
((You are camouflaged when in or above water. (Stealth+)))
You have tentacles for arms and can constrict up to eight enemies at once.


Message History

a +0 short sword; an orc corpse You climb downwards.
Welcome to the Ecumenical Temple!
Found a staircase back to the Dungeon.
There is a staircase back to the Dungeon here.
Search for what [? for help]?
Gozag Can't find anything matching that.
You start resting.
HP restored.
You climb upwards.
There is a staircase to the Ecumenical Temple, spattered with blood here.
Things that are here:
a +0 short sword; an orc corpse A water moccasin comes into view.
A white imp comes into view.
The helpless white imp fails to defend itself.
You slash the white imp! Your grab misses the white imp.
The white imp is almost dead.
The white imp closely misses you.
You barely miss the white imp. You grab the white imp.
You squeeze the white imp.
You kill the white imp!
Found 16 gold pieces.
You now have 32 gold pieces (gained 16).
Found a stone staircase leading down.
Found a great sword.
A quokka comes into view.
The quokka bites you.
You barely miss the quokka. Your grab misses the quokka. The quokka bites you.
You closely miss the quokka. You grab the quokka.
You constrict the quokka, but do no damage.
The quokka misses you.
You hit the quokka.
The quokka is severely wounded.
You constrict the quokka.
You kill the quokka!
You open the door.
Found a basalt altar of Yredelemnul.
There is an open door here.
There is a basalt altar of Yredelemnul here.
Are you sure you want to abandon this character and quit the game? (Confirm with "yes".)

*,*****.# *,* *.#
*,***##.#####**** ####
*,,,,........,,,*
,..#########.......,,,*
.#.#........†#*#+#**,,*
.#.#.#######.# #.# *,**
.........>...###.###.###
.#.#......##.'..@###...#
.....##...##.###.###.#.#**
.#.#......##.# #.# *,,,,,*
.#.#.###)....#*#+#**,*,*,*
.#.#..,,,.##..,,,,,,,,,*,*
...#.##**.####*,,,******,*
##.#..,,,,* *,,,,,,,**,*
#...#*,,** *,*,*,*,**,*
###.#,,,* *,,,,,*,*,,*


There were no monsters in sight!

Vanquished Creatures
  An orc priest (D:5)
  A white imp (D:5)
  2 quokkas (D:5)
4 creatures vanquished.

Notes
Turn   | Place    | Note
-------+----------+-------------------------------------------
     0 | D:5      | Esekla the Octopode Delver began the quest for the Orb.
     0 | D:5      | Reached XP level 1. HP: 16/16 MP: 1/1
     4 | D:5      | Noticed a bombardier beetle
     8 | D:5      | Found a staircase to the Ecumenical Temple.
     8 | D:5      | Noticed an orc priest
   165 | D:5      | Noticed a water moccasin
   253 | D:5      | Noticed an ogre
   253 | D:5      | Noticed a hound
   363 | D:5      | Killed an orc priest
   364 | D:5      | Reached skill level 7 in Stealth
   364 | D:5      | Reached XP level 2. HP: 3/21 MP: 2/2
   364 | D:5      | Reached XP level 3. HP: 3/26 MP: 3/3
   366 | Temple   | Entered the Ecumenical Temple
   461 | D:5      | Noticed a water moccasin
   497 | D:5      | Found a basalt altar of Yredelemnul.
   502 | D:5      | Quit the game

Illustrated notes

Levels and vault maps discovered:
D:5:      layout_basic, lemuel_doored_altar, minmay_temple_entry_proselytizer,
          nrook_loot_triangle
Temple:   hellmonk_temple_beads

Skill      XL: |  1 |
---------------+----+-----
Stealth        | 7 |  7.2
Fighting       | |  3.3
Long Blades    | |  2.2
Dodging        | |  2.2
Spellcasting   | |  0.7

Action                     || total
---------------------------++-------
  Melee: Falchion          ||    14
         Constrict         ||     4
         Tentacles         ||     3
    Use: Scroll            ||     1
   Stab: Sleeping          ||     2
 Armour: Skin              ||     6
  Dodge: Dodged            ||     6
